[Event "Titled Tuesday Blitz November 14 Late 2023"]
[White "Leenhouts, Koen"]
[Black "Brodsky, David"]
[WhiteFideId "1008439"]
[BlackFideId "2073250"]
[WhiteElo "2540"]
[BlackElo "2794"]
[Result "0-1"]
[Round "2"]
[TimeControl "180+1"]
[Date "2023.11.14"]
[WhiteClock "0:00:06"]
[BlackClock "0:00:54"]
[Board "44"]

1. Nf3 c5 2. c4 Nc6 3. b3 e5 4. d3 g6 5. Bb2 Bg7 6. Nbd2 Nge7 7. g3 O-O 8. a3 d5 9. cxd5 Nxd5 10. e4 Nc7 11. Nc4 Bg4 12. Ne3 Bxf3 13. Qxf3 Nd4 14. Qd1 f5 15. Bg2 f4 16. gxf4 exf4 17. Nc4 f3 18. Bf1 Nce6 19. Rb1 Nf4 20. Rg1 Qh4 21. Rg3 Qxh2 22. Bc1 Nfe2 23. Rg4 Nc3 0-1


[Site "https://www.chess.com"]

[Event "Titled Tuesday Blitz November 14 Late 2023"]
[White "Maksimovic, Bojan"]
[Black "topce"]
[WhiteFideId "14408120"]
[WhiteElo "2790"]
[BlackElo "2534"]
[Result "1-0"]
[Round "2"]
[TimeControl "180+1"]
[Date "2023.11.14"]
[WhiteClock "0:01:58"]
[BlackClock "0:02:04"]
[Board "45"]

1. Nf3 c5 2. g3 Nc6 3. Bg2 g6 4. O-O Bg7 5. c3 d6 6. d4 cxd4 7. cxd4 Nf6 8. Nc3 Bf5 9. d5 Ne5 10. Nxe5 dxe5 11. e4 Bg4 12. Qb3 b6 13. Be3 O-O 14. Rac1 Qd7 15. f3 Bh3 16. Qb5 Rfc8 17. Qxd7 Bxd7 18. Rc2 Ne8 19. Rfc1 Nd6 20. Bf1 Rc7 21. Ba6 f5 22. b3 Bc8 23. Bd3 Bd7 24. Nd1 Rac8 25. Rxc7 Rxc7 26. Rxc7 1-0


[Site "https://www.chess.com"]

[Event "Titled Tuesday Blitz November 14 Late 2023"]
[White "Borsuk, Konstantin"]
[Black "Pourkashiyan, Atousa"]
[WhiteFideId "14113406"]
[BlackFideId "12502014"]
[WhiteElo "2777"]
[BlackElo "2532"]
[Result "1-0"]
[Round "2"]
[TimeControl "180+1"]
[Date "2023.11.14"]
[WhiteClock "0:00:31"]
[BlackClock "0:00:18"]
[Board "46"]

1. d4 Nf6 2. c4 e6 3. Nc3 Bb4 4. Qc2 O-O 5. a3 Bxc3+ 6. Qxc3 d5 7. cxd5 exd5 8. Bg5 c6 9. e3 h6 10. Bh4 Bf5 11. f3 Re8 12. Bf2 Nbd7 13. g4 Nxg4 14. fxg4 Be4 15. h4 Bxh1 16. Be2 Nf6 17. O-O-O Ne4 18. Qe1 Nxf2 19. Qxf2 Be4 20. Bd3 Bxd3 21. Rxd3 Rc8 22. Nf3 c5 23. Kb1 c4 24. Rc3 b5 25. g5 h5 26. Rc1 Qe7 27. Ne5 g6 28. Qc2 Qe6 29. Rf1 Qh3 30. Rxf7 Re6 31. Qf2 Rxe5 32. dxe5 c3 33. bxc3 Qh1+ 34. Kb2 b4 35. axb4 Qd1 36. Rxa7 Rf8 37. Qc2 Qxc2+ 38. Kxc2 Re8 39. b5 Rb8 40. Ra6 Kf7 41. Rf6+ Kg7 42. b6 Re8 43. b7 Rb8 44. Rb6 Kf7 45. Kd3 Ke7 46. Kd4 Kd7 47. Kxd5 Kc7 48. Rxg6 Rd8+ 49. Ke4 Kb8 50. e6 Kxb7 51. Ke5 1-0


[Site "https://www.chess.com"]

[Event "Titled Tuesday Blitz November 14 Late 2023"]
[White "Womacka, Mathias"]
[Black "Rastbod, Ali"]
[WhiteFideId "4611390"]
[BlackFideId "12567477"]
[WhiteElo "2532"]
[BlackElo "2774"]
[Result "0-1"]
[Round "2"]
[TimeControl "180+1"]
[Date "2023.11.14"]
[WhiteClock "0:00:00"]
[BlackClock "0:00:26"]
[Board "47"]

1. e4 Nc6 2. Nf3 g6 3. d4 Bg7 4. d5 Nb8 5. Nc3 d6 6. h3 Nf6 7. Bd3 O-O 8. O-O c6 9. Bg5 a6 10. a4 a5 11. Qd2 Re8 12. Rfe1 Na6 13. dxc6 bxc6 14. e5 dxe5 15. Nxe5 Qc7 16. Bc4 e6 17. Nxc6 Bb7 18. Ne5 Nb4 19. Nb5 Qb6 20. Be3 Qd8 21. Nd6 Re7 22. Ndxf7 Qxd2 23. Bxd2 Nxc2 24. Ng5 Nd5 25. Nef3 Nxa1 26. Rxa1 h6 27. Ne4 Ba6 28. Rc1 Bxb2 29. Rc2 Bxc4 30. Rxc4 Bg7 31. Rc6 Nb4 32. Rb6 Nd5 33. Rc6 Kh7 34. Nc5 Nb4 35. Rxe6 Rxe6 36. Nxe6 Rc8 37. Nxg7 Kxg7 38. Kf1 Rc2 39. Ke2 Ra2 40. Ne5 Rxa4 41. Nc4 Nc6 42. Kd3 Ra2 43. g4 Nb4+ 44. Kc3 Ra1 0-1


[Site "https://www.chess.com"]

[Event "Titled Tuesday Blitz November 14 Late 2023"]
[White "Karas, Marek"]
[Black "Sokolovsky, Yahli"]
[WhiteFideId "14928558"]
[BlackFideId "2820242"]
[WhiteElo "2530"]
[BlackElo "2770"]
[Result "0-1"]
[Round "2"]
[TimeControl "180+1"]
[Date "2023.11.14"]
[WhiteClock "0:00:18"]
[BlackClock "0:00:05"]
[Board "48"]

1. e4 d6 2. d4 g6 3. Nc3 Bg7 4. Nf3 a6 5. a4 b6 6. Be2 Bb7 7. O-O Nd7 8. Re1 e6 9. Be3 Ngf6 10. Nd2 O-O 11. f4 e5 12. fxe5 dxe5 13. d5 c6 14. Bf3 cxd5 15. Nxd5 Nxd5 16. exd5 f5 17. c4 e4 18. Be2 Bxb2 19. Rb1 Be5 20. a5 f4 21. Bxb6 Nxb6 22. axb6 f3 23. Bxf3 exf3 24. Rxe5 f2+ 25. Kh1 Qf6 26. Nf3 Rae8 27. Rxe8 Rxe8 28. Qf1 Qc3 29. Rc1 Qe3 30. h3 a5 31. Rc2 Qe1 32. Rxf2 Qc3 33. Ng5 Re1 34. Rf8+ Kg7 35. Rf7+ Kh6 36. h4 Rxf1+ 37. Rxf1 Qxc4 38. Rf7 Qxh4+ 39. Nh3 Bxd5 40. Ra7 Qxh3+ 41. Kg1 Qxg2# 0-1


[Site "https://www.chess.com"]

[Event "Titled Tuesday Blitz November 14 Late 2023"]
[White "Korchmar, Vasiliy"]
[Black "Vafin, Ayrat"]
[WhiteFideId "24131750"]
[BlackFideId "4146530"]
[WhiteElo "2760"]
[BlackElo "2529"]
[Result "1-0"]
[Round "2"]
[TimeControl "180+1"]
[Date "2023.11.14"]
[WhiteClock "0:01:38"]
[BlackClock "0:00:00"]
[Board "49"]

1. e4 e5 2. Nf3 Nf6 3. Nc3 Bb4 4. Nxe5 O-O 5. Be2 Re8 6. Nd3 Bxc3 7. dxc3 Nxe4 8. O-O d5 9. Nf4 c6 10. c4 dxc4 11. Bxc4 Qxd1 12. Rxd1 Nd7 13. Be3 Ne5 14. Bb3 Bf5 15. f3 Nf6 16. Bd4 h6 17. Kf2 Ned7 18. g4 Bh7 19. h4 g5 20. hxg5 hxg5 21. Nh3 Bg6 22. Nxg5 Ne5 23. Bc3 Ned7 24. Rd6 1-0


[Site "https://www.chess.com"]

[Event "Titled Tuesday Blitz November 14 Late 2023"]
[White "Slade, Theodore"]
[Black "Nazari, Arad"]
[WhiteFideId "426547"]
[BlackFideId "12577324"]
[WhiteElo "2526"]
[BlackElo "2759"]
[Result "0-1"]
[Round "2"]
[TimeControl "180+1"]
[Date "2023.11.14"]
[WhiteClock "0:00:43"]
[BlackClock "0:01:32"]
[Board "50"]

1. d4 Nf6 2. c4 g6 3. Nc3 d5 4. cxd5 Nxd5 5. e4 Nxc3 6. bxc3 Bg7 7. Be3 O-O 8. Nf3 c5 9. Rc1 Qa5 10. Qd2 Rd8 11. d5 e6 12. c4 Qxd2+ 13. Nxd2 Na6 14. Be2 Nb4 15. a3 Na2 16. Rc2 Nc3 17. Bxc5 b6 18. Be7 Rd7 19. Bb4 Nxe2 20. Kxe2 Ba6 21. Rhc1 exd5 22. exd5 Rxd5 23. Bc3 Re8+ 24. Kf3 Rd3+ 25. Kg4 Bxc3 26. Rxc3 Rxd2 27. Kg3 Ree2 0-1


[Site "https://www.chess.com"]

[Event "Titled Tuesday Blitz November 14 Late 2023"]
[White "Karacsonyi, Gellert"]
[Black "Reprintsev, Alexander"]
[WhiteFideId "764620"]
[BlackFideId "14100541"]
[WhiteElo "2759"]
[BlackElo "2526"]
[Result "1-0"]
[Round "2"]
[TimeControl "180+1"]
[Date "2023.11.14"]
[WhiteClock "0:00:23"]
[BlackClock "0:00:00"]
[Board "51"]

1. e4 d5 2. exd5 Qxd5 3. Nc3 Qa5 4. d4 Nf6 5. Nf3 Nc6 6. h3 Ne4 7. Qd3 Bf5 8. Qb5 Nxc3 9. Qxa5 Nxa5 10. bxc3 Bxc2 11. Bf4 Rc8 12. Be2 e6 13. O-O Bd6 14. Bb5+ Ke7 15. Bg5+ f6 16. Bd2 a6 17. Be2 b5 18. Rfe1 Nc4 19. Bxc4 bxc4 20. d5 e5 21. Nd4 Bd3 22. f4 Kf7 23. fxe5 fxe5 24. Nc6 Rhe8 25. Bg5 h6 26. Bh4 e4 27. Bf2 Bf4 28. Bd4 g5 29. Kf2 Kg6 30. g3 Bd6 31. Kg2 Rf8 32. a4 Rf5 33. g4 Rxd5 34. Ra2 Rf8 35. Rf2 Rxf2+ 36. Bxf2 Bc5 37. Be3 Kh7 38. Kf2 Bxe3+ 39. Kxe3 Rc5 40. Nd4 Ra5 41. Ra1 Re5 42. Ra2 Re7 43. Rb2 Rf7 44. Nf5 h5 45. Rb8 hxg4 46. hxg4 Rd7 47. Ra8 Kg6 48. Rxa6+ Kf7 49. a5 Rd8 50. Rh6 Ra8 51. a6 1-0


[Site "https://www.chess.com"]

[Event "Titled Tuesday Blitz November 14 Late 2023"]
[White "Rizzo, Tobias"]
[Black "Djordjevic, Vuk"]
[WhiteFideId "30942691"]
[BlackFideId "902098"]
[WhiteElo "2524"]
[BlackElo "2741"]
[Result "0-1"]
[Round "2"]
[TimeControl "180+1"]
[Date "2023.11.14"]
[WhiteClock "0:00:00"]
[BlackClock "0:00:11"]
[Board "52"]

1. Nf3 Nf6 2. b3 e6 3. Bb2 d5 4. e3 Bd6 5. c4 O-O 6. d4 b6 7. Nc3 Bb7 8. Bd3 Nbd7 9. O-O c5 10. Rc1 Rc8 11. Qe2 cxd4 12. exd4 Bf4 13. Rc2 Re8 14. g3 dxc4 15. bxc4 Bb8 16. Ne4 e5 17. d5 Nxe4 18. Bxe4 g6 19. Nd2 f5 20. Bg2 e4 21. Nb3 Ne5 22. Nd4 Ba6 23. Rfc1 Nd3 24. Ne6 Nxc1 25. Rxc1 Qxd5 26. Nf4 Bxf4 27. gxf4 Rxc4 28. Rd1 Rc7 29. Qe1 Bd3 30. Be5 Rd7 31. Qe3 Qxa2 32. h4 Qf7 33. Rc1 h5 34. Rc6 Kh7 35. Rf6 Qg8 36. Qg3 Re6 37. Bh3 Rxf6 38. Bxf6 Qf8 39. Qg5 Qh6 40. Qg3 Rf7 41. Bg5 Qg7 42. Bg2 Rd7 43. Kh2 Be2 44. Qe3 Bf3 45. Bf1 Qf7 46. Bb5 Rd1 47. Qc3 Rh1+ 48. Kg3 Rg1+ 49. Kh2 Rg2+ 50. Kh3 Rxf2 51. Kg3 Rg2+ 52. Kh3 Rxg5 53. hxg5 Qg7 54. Qc6 Bg4+ 55. Kh4 e3 56. Qe6 e2 57. Bxe2 Bxe2 58. Qxe2 a5 59. Qb5 Qa7 60. Kg3 a4 61. Qc6 a3 62. Qc3 a2 63. Qa1 b5 64. Kf3 b4 65. Ke2 b3 0-1


[Site "https://www.chess.com"]

[Event "Titled Tuesday Blitz November 14 Late 2023"]
[White "TimGrutter03"]
[Black "Rohan, Ahuja"]
[BlackFideId "5090598"]
[WhiteElo "2523"]
[BlackElo "2719"]
[Result "1-0"]
[Round "2"]
[TimeControl "180+1"]
[Date "2023.11.14"]
[WhiteClock "0:00:11"]
[BlackClock "0:00:35"]
[Board "53"]

1. Nf3 Nf6 2. g3 g6 3. Bg2 Bg7 4. O-O O-O 5. d3 d5 6. Nc3 c5 7. e4 d4 8. Nb1 Nc6 9. a4 e5 10. Ne1 Ne8 11. f4 Nd6 12. Nd2 f5 13. Nef3 exf4 14. gxf4 fxe4 15. Nxe4 b6 16. Ne5 Bb7 17. Nxc5 bxc5 18. Nxc6 Qc7 19. Ne5 Bxg2 20. Kxg2 Nf5 21. Qg4 Rae8 22. Bd2 Qb7+ 23. Kg1 Qxb2 24. Rac1 Qb7 25. Nc4 Re6 26. Rce1 Rfe8 27. Qg2 Qd7 28. Rxe6 Rxe6 29. Re1 Rxe1+ 30. Bxe1 Qe6 31. Qa8+ Bf8 32. Qe4 Qf6 33. Ne5 Qe6 34. Ng4 Kf7 35. Ne5+ Kg8 36. Ng4 Qf7 37. Ne5 Qg7 38. Qd5+ Kh8 39. Nf7+ Kg8 40. Nh6+ Kh8 41. Nf7+ Kg8 42. Nh6+ Kh8 43. Nxf5 gxf5+ 44. Bg3 Qg6 45. Qe5+ Kg8 46. Qd5+ Qf7 47. Qe5 h5 48. Kf2 Kh7 49. Kf3 Kg6 50. Qe2 Qb7+ 51. Kf2 Qd5 52. Qf3 Qxf3+ 53. Kxf3 Be7 54. Bf2 Kf7 55. Be1 Ke6 56. c3 Kd5 57. c4+ Ke6 58. Kg3 Kd7 59. Bd2 Kc6 60. Kf3 Kb6 61. Be1 Ka6 62. Bd2 Bd8 63. Kg3 Be7 64. Be1 Kb7 65. Bd2 Kc8 66. Be1 Kd7 67. Bd2 Ke6 68. Be1 Kf7 69. Bd2 Kg6 70. Ba5 a6 71. Bb6 h4+ 72. Kh3 Kh5 73. Bc7 Bf8 74. Bd8 Bd6 75. Bxh4 Bxf4 76. Be7 Be5 77. Bxc5 f4 78. Kg2 Kg4 79. h3+ Kf5 80. Kf3 Bf6 81. Bd6 Bg5 82. c5 Ke6 83. Bxf4 Be7 84. c6 Bf6 85. c7 Kd7 86. Ke4 Bg7 87. Be5 Bh6 88. Kxd4 Bg5 89. Kd5 Bh4 90. d4 Be7 91. Ke4 Bh4 92. Kf5 Be7 93. Kg4 Bb4 94. h4 Bd2 95. h5 Bh6 96. Kf5 Bc1 97. Kg6 Be3 98. h6 Bxh6 99. Kxh6 Kc8 100. Kg6 Kd7 101. Kf5 a5 102. Ke4 Kc8 103. Kd3 Kd7 104. Kc4 Kc8 105. Kb5 Kd7 106. Kxa5 Kc8 107. Kb5 Kd7 108. a5 Kc8 109. a6 Kd7 110. a7 Ke6 111. a8=Q 1-0


[Site "https://www.chess.com"]

[Event "Titled Tuesday Blitz November 14 Late 2023"]
[White "Hambleton, Aman"]
[Black "Kovacsy, Barnabas"]
[WhiteFideId "2606577"]
[BlackFideId "769290"]
[WhiteElo "2716"]
[BlackElo "2522"]
[Result "1-0"]
[Round "2"]
[TimeControl "180+1"]
[Date "2023.11.14"]
[WhiteClock "0:00:10"]
[BlackClock "0:00:08"]
[Board "54"]

1. d4 Nf6 2. Bf4 g6 3. e3 Bg7 4. h3 d6 5. Nf3 O-O 6. Be2 c5 7. c3 cxd4 8. exd4 Qb6 9. Qb3 Qxb3 10. axb3 Re8 11. O-O Nc6 12. Bb5 Bd7 13. Re1 a6 14. Bf1 e5 15. dxe5 Nd5 16. Bg3 dxe5 17. Nbd2 f5 18. Bc4 Be6 19. Nxe5 Nxe5 20. Bxe5 b5 21. Bxd5 Bxd5 22. Bxg7 Kxg7 23. b4 Rad8 24. Nf1 Bc4 25. Rxe8 Rxe8 26. Ne3 Re6 27. g3 Kf6 28. Rd1 Bb3 29. Rd4 g5 30. h4 h6 31. hxg5+ hxg5 32. Kf1 Ke5 33. f4+ Kf6 34. Kf2 gxf4 35. gxf4 Rc6 36. Rd8 Be6 37. Rb8 Rd6 38. Ke2 Bf7 39. Ra8 Be6 40. Rb8 Bf7 41. Rf8 Re6 42. Rh8 Rd6 43. Rh4 Be6 44. Rh6+ Kf7 45. Ke1 Rd3 46. Rh3 Rd6 47. Rg3 Kf6 48. Ke2 Rb6 49. Rg1 Rd6 50. Rd1 Rxd1 51. Kxd1 Bc4 52. Nxc4 bxc4 53. Kc2 Ke6 54. b3 Kd5 55. bxc4+ Kxc4 56. Kd2 Kb5 57. Kd3 a5 58. bxa5 Kxa5 59. Kd4 Kb5 60. Ke5 Kc4 61. Kxf5 Kxc3 62. Ke6 Kd4 63. f5 1-0


[Site "https://www.chess.com"]

[Event "Titled Tuesday Blitz November 14 Late 2023"]
[White "Erdogan, Anil Berk"]
[Black "Tristan, Leonardo"]
[WhiteFideId "6348173"]
[BlackFideId "113816"]
[WhiteElo "2521"]
[BlackElo "2715"]
[Result "0-1"]
[Round "2"]
[TimeControl "180+1"]
[Date "2023.11.14"]
[WhiteClock "0:00:19"]
[BlackClock "0:00:13"]
[Board "55"]

1. e4 d5 2. exd5 Qxd5 3. Nc3 Qa5 4. d3 c6 5. Nf3 Nf6 6. Be2 Bg4 7. O-O e6 8. Bf4 Nbd7 9. Ne4 Nxe4 10. dxe4 Rd8 11. c3 Be7 12. h3 Bh5 13. Nd2 Nf6 14. Bxh5 Qxh5 15. Qxh5 Nxh5 16. Be3 b6 17. a4 Bc5 18. Bxc5 Rxd2 19. Ba3 c5 20. Rfd1 Re2 21. Re1 Rxe1+ 22. Rxe1 Kd7 23. b4 cxb4 24. cxb4 Rc8 25. Rd1+ Ke8 26. Rc1 Rxc1+ 27. Bxc1 Nf6 28. f3 Kd7 29. Bb2 Ne8 30. Kf2 f6 31. Ke3 a6 32. Kd3 Kc6 33. f4 Nd6 34. g4 Kd7 35. h4 Ne8 36. h5 g6 37. hxg6 hxg6 38. Kc4 Kc6 39. e5 f5 40. gxf5 gxf5 41. b5+ axb5+ 42. axb5+ Kd7 43. Bd4 Kc7 44. Be3 Kb7 45. Bd2 Nc7 46. Be3 Nd5 47. Bd2 Kc7 48. Kd4 Kd7 49. Kd3 Ke7 50. Ke2 Kf7 51. Kf3 Kg6 52. Be1 Kh5 53. Bf2 Kh6 54. Be1 Kh7 55. Bf2 Kg7 56. Be1 Kg6 57. Bd2 Kh5 58. Be1 Nc7 59. Bf2 Nxb5 60. Bxb6 Kh4 61. Bf2+ Kh3 62. Be3 Nc7 63. Bc5 Nd5 64. Bf8 Nc3 65. Bh6 Ne4 66. Bf8 Nc3 67. Bb4 Nd5 68. Ba3 Kh2 69. Bc5 Nc3 70. Ke3 Kg3 71. Kd3 Nd5 72. Bd6 Kxf4 73. Kd4 Kf3 74. Kc5 Ke4 75. Kc6 Nf4 76. Kd7 Kd5 77. Ke7 Nd3 78. Kf6 f4 79. Bb8 f3 80. Ba7 f2 81. Bxf2 Nxf2 82. Kg5 Nd3 83. Kg4 Nxe5+ 84. Kf4 Nc4 85. Kg3 e5 86. Kf2 e4 87. Ke1 e3 88. Kd1 Ke4 89. Ke2 Nd6 90. Ke1 Kd3 91. Kd1 e2+ 92. Ke1 Nb7 93. Kf2 Kd2 94. Kg2 e1=Q 95. Kh2 Qe3 96. Kg2 Qf4 97. Kh1 Qg4 98. Kh2 Ke2 0-1


[Site "https://www.chess.com"]

[Event "Titled Tuesday Blitz November 14 Late 2023"]
[White "Boyer, Mahel"]
[Black "Jovic, Stanoje"]
[WhiteFideId "45102422"]
[BlackFideId "905020"]
[WhiteElo "2711"]
[BlackElo "2519"]
[Result "0-1"]
[Round "2"]
[TimeControl "180+1"]
[Date "2023.11.14"]
[WhiteClock "0:00:00"]
[BlackClock "0:00:09"]
[Board "56"]

1. e4 c6 2. c4 d5 3. cxd5 cxd5 4. exd5 Nf6 5. Nc3 Nxd5 6. Nf3 Nc6 7. g3 Bg4 8. Bg2 e6 9. O-O Be7 10. Qb3 Nb6 11. a4 O-O 12. a5 Bxf3 13. Bxf3 Nd4 14. Qd1 Nxf3+ 15. Qxf3 Nc4 16. a6 bxa6 17. Rxa6 Nxd2 18. Qb7 Nxf1 19. Kxf1 Bc5 20. Kg2 Bb6 21. Qf3 Rc8 22. Ra4 Qd7 23. Rh4 Qc6 24. Ne4 f5 25. Qh5 h6 26. Bxh6 Qb7 27. Be3 fxe4 28. Qh8+ Kf7 29. Rf4+ Kg6 30. Rg4+ Kf6 31. Rf4+ Ke5 32. Rxf8 Rxf8 33. Qxf8 Bxe3 34. fxe3 Qxb2+ 35. Kh3 Qe2 36. Qxg7+ Kd5 37. Qd4+ Kc6 38. Qxe4+ Kd7 39. Qd4+ Kc6 40. Qa4+ Kd6 41. Qd4+ Kc6 42. Qe4+ Kd6 43. Qf4+ Kc6 0-1


[Site "https://www.chess.com"]

[Event "Titled Tuesday Blitz November 14 Late 2023"]
[White "subham777"]
[Black "Hamitevici, Vladimir"]
[BlackFideId "13902393"]
[WhiteElo "2518"]
[BlackElo "2709"]
[Result "1-0"]
[Round "2"]
[TimeControl "180+1"]
[Date "2023.11.14"]
[WhiteClock "0:01:08"]
[BlackClock "0:00:30"]
[Board "57"]

1. e4 d6 2. g3 c5 3. Bg2 Nc6 4. Ne2 g6 5. O-O Bg7 6. c3 e5 7. d3 Nge7 8. f4 O-O 9. Be3 b6 10. h3 d5 11. Nd2 d4 12. cxd4 cxd4 13. Bf2 Ba6 14. Nc4 Bxc4 15. dxc4 d3 16. Nc3 exf4 17. gxf4 Bxc3 18. bxc3 Na5 19. Bd4 Nxc4 20. Qxd3 Rc8 21. f5 b5 22. Qg3 Nc6 23. fxg6 hxg6 24. Bf6 Qb6+ 25. Kh1 1-0


[Site "https://www.chess.com"]

[Event "Titled Tuesday Blitz November 14 Late 2023"]
[White "Zeltsan, Joseph"]
[Black "Meduri, Aakaash"]
[WhiteFideId "30932980"]
[BlackFideId "2032252"]
[WhiteElo "2708"]
[BlackElo "2517"]
[Result "1-0"]
[Round "2"]
[TimeControl "180+1"]
[Date "2023.11.14"]
[WhiteClock "0:01:30"]
[BlackClock "0:00:38"]
[Board "58"]

1. e4 c5 2. Nf3 d6 3. d4 cxd4 4. Nxd4 Nf6 5. Nc3 Nc6 6. Bg5 e6 7. Qd2 a6 8. O-O-O Bd7 9. f4 Be7 10. Nf3 b5 11. Bxf6 gxf6 12. Kb1 Rc8 13. Ne2 b4 14. Ned4 a5 15. Nb5 a4 16. Nxd6+ Bxd6 17. Qxd6 Qe7 18. Bb5 a3 19. Rd2 Qxd6 20. Rxd6 Ke7 21. Rhd1 Rhd8 22. Nd4 Nxd4 23. Rxd7+ Rxd7 24. Bxd7 Rxc2 25. bxa3 e5 26. Rxd4 Rxg2 27. fxe5 fxe5 28. Rd3 bxa3 29. Bf5 Rxh2 30. Rxa3 h5 31. Rh3 Rd2 32. Rxh5 Kf6 33. Rh3 Kg5 34. a4 f6 35. a5 Rd6 36. Ra3 Ra6 37. Kc2 Kf4 38. Kb3 Ke3 39. Kb4+ Kd4 40. Kb5 Ra8 41. a6 Rb8+ 42. Kc6 Ra8 43. Kb7 Rg8 44. a7 Rg7+ 45. Kc6 1-0


[Site "https://www.chess.com"]

[Event "Titled Tuesday Blitz November 14 Late 2023"]
[White "Rangel, Daniel"]
[Black "Rorrer, Grayson"]
[WhiteFideId "2124475"]
[BlackFideId "30944996"]
[WhiteElo "2517"]
[BlackElo "2705"]
[Result "0-1"]
[Round "2"]
[TimeControl "180+1"]
[Date "2023.11.14"]
[WhiteClock "0:00:00"]
[BlackClock "0:00:31"]
[Board "59"]

1. c4 e5 2. Nc3 Bb4 3. g3 Bxc3 4. dxc3 d6 5. Bg2 Nf6 6. e4 O-O 7. Nf3 Nxe4 8. O-O Nf6 9. c5 e4 10. Ng5 d5 11. Be3 Ng4 12. Bf4 Nc6 13. Nh3 Be6 14. Ng5 Nf6 15. Nxe6 fxe6 16. b4 Qe7 17. Bg5 Rad8 18. Qe2 h6 19. Be3 e5 20. Rad1 Qe6 21. Bc1 d4 22. b5 d3 23. Qe3 Na5 24. Bxe4 Nc4 25. Qf3 d2 26. Bf5 Qf7 27. Qxb7 dxc1=Q 28. Rxc1 Nd5 29. Be4 Nd2 30. Bxd5 Rxd5 31. Rfd1 Qxf2+ 32. Kh1 Qf3+ 33. Kg1 Kh8 34. Rxd2 Rxd2 35. Qxf3 Rxf3 36. c4 Rfd3 37. Re1 Rd1 38. Rxd1 Rxd1+ 39. Kf2 Rc1 40. Ke3 Rxc4 41. c6 Rc5 42. Ke4 Rxb5 43. Kf5 Rc5 44. Kg6 Rxc6+ 45. Kf7 Ra6 46. Ke7 Rxa2 47. g4 Rxh2 48. g5 hxg5 49. Kf7 g4 50. Kg6 g3 51. Kf7 g2 52. Ke6 g1=Q 53. Kd7 Qd4+ 54. Ke8 Qd6 0-1


[Site "https://www.chess.com"]

[Event "Titled Tuesday Blitz November 14 Late 2023"]
[White "Shuvalova, Polina"]
[Black "Weimarraner"]
[WhiteFideId "24171760"]
[WhiteElo "2700"]
[BlackElo "2516"]
[Result "0-1"]
[Round "2"]
[TimeControl "180+1"]
[Date "2023.11.14"]
[WhiteClock "0:00:02"]
[BlackClock "0:00:54"]
[Board "60"]

1. Nf3 Nf6 2. c4 g6 3. Nc3 Bg7 4. g3 O-O 5. Bg2 c5 6. O-O Nc6 7. b3 d5 8. cxd5 Nxd5 9. Bb2 Nc7 10. Rc1 b6 11. Qc2 Ba6 12. Rfd1 Rc8 13. d3 e6 14. a3 Qe7 15. Ne4 Bxb2 16. Qxb2 f5 17. Ned2 Rfd8 18. b4 Nd4 19. Nxd4 cxd4 20. Nf3 e5 21. h4 Bb7 22. Rc4 Nd5 23. Rdc1 Nc3 24. Kh2 Kg7 25. Rc2 Bxf3 26. Bxf3 b5 27. Rxc8 Rxc8 28. Bg2 Rc7 29. e3 Qd6 30. Qb3 f4 31. exf4 exf4 32. Rc1 fxg3+ 33. fxg3 Ne2 34. Rxc7+ Qxc7 35. Kh1 Qxg3 36. Qe6 Qxg2+ 37. Kxg2 Nf4+ 38. Kf3 Nxe6 39. Ke4 Kf6 40. Kd5 h6 0-1


[Site "https://www.chess.com"]

[Event "Titled Tuesday Blitz November 14 Late 2023"]
[White "Hasangatin, Ramil"]
[Black "Richter, Paul"]
[WhiteFideId "4122160"]
[BlackFideId "2046350"]
[WhiteElo "2692"]
[BlackElo "2515"]
[Result "1-0"]
[Round "2"]
[TimeControl "180+1"]
[Date "2023.11.14"]
[WhiteClock "0:00:12"]
[BlackClock "0:00:00"]
[Board "61"]

1. e4 c5 2. Nf3 d6 3. d4 cxd4 4. Qxd4 Nc6 5. Bb5 Bd7 6. Bxc6 bxc6 7. c4 e5 8. Qd3 Qc7 9. Nc3 Be7 10. O-O Nf6 11. Bg5 Rd8 12. b4 O-O 13. b5 cxb5 14. cxb5 Be6 15. Bxf6 Bxf6 16. Nd5 Qb7 17. Rfd1 Rd7 18. Rac1 Rc8 19. Rxc8+ Qxc8 20. h3 Bd8 21. Qc3 Qb7 22. Qc6 h6 23. a4 Qb8 24. Nd2 Bb6 25. Nb3 Rd8 26. a5 Bd7 27. Qc3 Bd4 28. Nxd4 exd4 29. Qxd4 Bxb5 30. Ne7+ Kh7 31. Nf5 f6 32. Nxd6 Bc6 33. e5 fxe5 34. Qxe5 Qc7 35. Qf5+ Kg8 36. Qe6+ Kh7 37. Rd4 Ba8 38. Kh2 a6 39. f3 Rd7 40. Qf5+ Kg8 41. Qe5 Rd8 42. h4 Kh7 43. h5 Kg8 44. Rd2 Kh7 45. Qg3 Kg8 46. Qe5 Kh7 47. f4 Kg8 48. f5 Qc6 49. f6 1-0


[Site "https://www.chess.com"]

[Event "Titled Tuesday Blitz November 14 Late 2023"]
[White "Zakaryan, David"]
[Black "Ponce Cano, Adrian"]
[WhiteFideId "24101923"]
[BlackFideId "22296913"]
[WhiteElo "2687"]
[BlackElo "2481"]
[Result "0-1"]
[Round "2"]
[TimeControl "180+1"]
[Date "2023.11.14"]
[WhiteClock "0:00:00"]
[BlackClock "0:00:11"]
[Board "62"]

1. d4 d5 2. c4 c6 3. Nc3 Nf6 4. Nf3 e6 5. Bg5 h6 6. Bxf6 Qxf6 7. Qb3 Nd7 8. e4 dxc4 9. Bxc4 b5 10. Be2 Be7 11. O-O O-O 12. a4 b4 13. Nd1 e5 14. dxe5 Nxe5 15. Nxe5 Qxe5 16. Qc2 Bb7 17. Ne3 c5 18. Bf3 Rfd8 19. Rad1 Bd6 20. g3 Bc7 21. Bg2 Rac8 22. b3 Re8 23. Nc4 Qe7 24. Rfe1 Rcd8 25. e5 Bxg2 26. Kxg2 Rxd1 27. Qxd1 Rd8 28. Qf3 Qe6 29. Qb7 Qd5+ 30. Qxd5 Rxd5 31. Kf3 Kf8 32. h4 Ke7 33. h5 Ke6 34. Kf4 Rd4+ 35. Re4 Rd3 36. Re3 Rxe3 37. Kxe3 Bxe5 38. f4 Bc7 39. Ke4 g6 40. hxg6 fxg6 41. Ne3 h5 42. Nc4 g5 43. Ne3 gxf4 44. gxf4 h4 45. Ng4 a5 46. Ne3 Bd8 47. Ng4 Bf6 48. Nf2 Bd4 49. Nh3 Kf6 50. f5 Be5 51. Nf2 Bg3 52. Nh3 Be1 53. Ng1 c4 54. bxc4 b3 55. Kd3 b2 56. c5 b1=Q+ 57. Kc4 Qa1 58. Kb5 Qc3 0-1


[Site "https://www.chess.com"]

[Event "Titled Tuesday Blitz November 14 Late 2023"]
[White "WindWhistler11"]
[Black "GaiozNigalidze"]
[WhiteElo "2479"]
[BlackElo "2684"]
[Result "1/2-1/2"]
[Round "2"]
[TimeControl "180+1"]
[Date "2023.11.14"]
[WhiteClock "0:00:29"]
[BlackClock "0:00:19"]
[Board "63"]

1. Nf3 Nf6 2. g3 b5 3. Bg2 Bb7 4. O-O e6 5. d3 Be7 6. a3 O-O 7. b3 c5 8. Bb2 a6 9. Nbd2 d5 10. e4 dxe4 11. Ng5 Nbd7 12. Ngxe4 Qb6 13. a4 Rfe8 14. a5 Qc7 15. Qf3 Nxe4 16. dxe4 Bf6 17. Bxf6 Nxf6 18. Qe2 e5 19. c4 b4 20. Rfd1 Rad8 21. Nf1 Rd4 22. f3 Red8 23. Ne3 Rxd1+ 24. Rxd1 Qxa5 25. Nf5 Rxd1+ 26. Qxd1 Qc7 27. Qd2 Bc8 28. Nxg7 Qd7 29. Qg5 Qd4+ 30. Kf1 Qd1+ 31. Kf2 Qd4+ 32. Ke2 Qb2+ 33. Ke1 Qa1+ 34. Ke2 Qb2+ 35. Kf1 Qa1+ 36. Ke2 Qb2+ 1/2-1/2


[Site "https://www.chess.com"]

[Event "Titled Tuesday Blitz November 14 Late 2023"]
[White "Kustar, Sandor"]
[Black "Solon, Nathan"]
[WhiteFideId "702900"]
[BlackFideId "2017229"]
[WhiteElo "2477"]
[BlackElo "2675"]
[Result "0-1"]
[Round "2"]
[TimeControl "180+1"]
[Date "2023.11.14"]
[WhiteClock "0:00:00"]
[BlackClock "0:00:06"]
[Board "64"]

1. Nf3 d5 2. c4 c6 3. Qc2 Nf6 4. g3 e6 5. Bg2 Nbd7 6. d4 Be7 7. Nbd2 O-O 8. O-O b6 9. Rd1 Bb7 10. e4 Rc8 11. b3 c5 12. exd5 exd5 13. Bb2 cxd4 14. Nxd4 Qc7 15. Nf5 Bc5 16. Rac1 Rfe8 17. Nf3 dxc4 18. Qxc4 Be4 19. Ne3 Qb7 20. Ng5 Bxg2 21. Qxf7+ Kh8 22. Nxg2 Rf8 23. Qe6 Bxf2+ 24. Kh1 Nc5 25. Qf5 h6 26. Bxf6 hxg5 27. Qxf2 Rxf6 28. Qe3 Rcf8 29. Kg1 Ne4 0-1


[Site "https://www.chess.com"]